 Dungeon Crawl Stone Soup version 0.28.0-1-gb440e238dd (webtiles) character file.

Game seed: 14194853647105874464

105 Ablot the Grasshopper (level 4, -5/38 HPs)
             Began as a Gnoll Warper on Feb 20, 2022.
             Killed by nerve-wracking pain
             ... invoked by Grinder
              (7 damage)
             ... on level 3 of the Dungeon.
             The game lasted 00:03:02 (2000 turns).

Ablot the Grasshopper (Gnoll Warper)                Turns: 2000, Time: 00:03:02

Health: -5/38      AC:  4    Str: 12    XL:     4   Next: 83%
Magic:  11/11      EV: 12    Int: 13    God:
Gold:   78         SH:  0    Dex: 11    Spells: 11/13 levels left

rFire   . . .      SeeInvis .   k - +2 dagger (venom)
rCold   . . .      Faith    .   (no shield)
rNeg    . . .      Spirit   .   b - +0 leather armour
rPois   .          Reflect  .   o - +0 helmet
rElec   .          Harm     .   (no cloak)
rCorr   .          Rampage  .   (no gloves)
Will    .....                   (no boots)
Stlth   +.........              g - amulet of the acrobat
HPRegen 0.12/turn               (no ring)
MPRegen 0.12/turn               (no ring)

@: no status effects
A: fangs 1, strong nose, distributed training
a: no special abilities


You were on level 3 of the Dungeon.
You visited 1 branch of the dungeon, and saw 3 of its levels.

You collected 78 gold pieces.

Inventory:

Hand Weapons
 a - a +0 spear
 i - a +2 short sword of speed
 k - a +2 dagger of venom (weapon)
Missiles
 d - 5 boomerangs of dispersal (quivered)
 e - 80 stones
 f - 6 boomerangs
 h - 2 javelins
 n - 22 sling bullets
Armour
 b - a +0 leather armour (worn)
 o - a +0 helmet (worn)
Jewellery
 g - an amulet of the acrobat (around neck)
Scrolls
 c - a scroll of blinking
 l - a scroll of fog {unknown}
 r - a scroll of enchant armour {unknown}
 s - a scroll of holy word {unknown}
Potions
 j - a potion of flight {unknown}
 m - a potion of curing {unknown}
 p - 2 potions of mutation {unknown}
 q - a potion of degeneration {unknown}


   Skills:
 + Level 4.7 Fighting
 + Level 1.2 Short Blades
 + Level 1.2 Long Blades
 + Level 1.2 Axes
 + Level 1.2 Maces & Flails
 + Level 4.7 Polearms
 + Level 1.2 Staves
 + Level 1.2 Slings
 + Level 1.2 Bows
 + Level 1.2 Crossbows
 + Level 2.8 Throwing
 + Level 2.8 Armour
 + Level 4.7 Dodging
 + Level 1.2 Stealth
 + Level 1.2 Shields
 + Level 1.2 Unarmed Combat
 + Level 5.1 Spellcasting
 + Level 1.0 Conjurations
 + Level 1.0 Hexes
 + Level 1.0 Summonings
 + Level 1.0 Necromancy
 + Level 5.5 Translocations
 + Level 1.0 Transmutations
 + Level 1.0 Fire Magic
 + Level 1.0 Ice Magic
 + Level 1.0 Air Magic
 + Level 1.0 Earth Magic
 + Level 1.0 Poison Magic
 + Level 1.4 Invocations
 + Level 1.2 Evocations


You had 11 spell levels left.
You knew the following spells:

 Your Spells              Type           Power      Damage    Failure   Level
a - Blink                 Tloc           34%        N/A       3%          2

Your spell library contained the following spells:

 Spells                   Type           Power      Damage    Failure   Level
 Gell's Gravitas          Tloc           17%        N/A       8%          3
 Lesser Beckoning         Tloc           17%        N/A       8%          3
 Teleport Other           Tloc           17%        N/A       8%          3
 Manifold Assault         Tloc           17%        N/A       56%         5


Dungeon Overview and Level Annotations

Branches:
Dungeon (3/15)

Altars:

Annotations:
D:3 Grinder


Innate Abilities, Weirdness & Mutations

You have very sharp teeth.
Your uncanny sense of smell can sniff out nearby items.
Your experience applies equally to all skills.


Message History

Grinder closely misses you.
You barely miss Grinder.
Grinder is lightly wounded.
Grinder barely misses you.
You hit Grinder.
Grinder looks even sicker.
Grinder is lightly wounded.
Grinder hits you but does no damage. The goblin hits you with a +0 club.
You hit Grinder but do no damage.
Grinder looks as sick as possible!
Grinder is lightly wounded.
Grinder hits you.
You writhe in agony.
The goblin hits you but does no damage.
Unknown command.
You barely miss Grinder. You bite Grinder, but do no damage.
Grinder is moderately wounded.
Grinder blinks!
The goblin hits you with a +0 club.
Unknown command.
You barely miss the goblin. The goblin barely misses you.
You hit the goblin.
You kill the goblin!
You hear the slow rusting of a drain nearby.
You hit Grinder. You bite Grinder, but do no damage.
Grinder is severely wounded.
Grinder hits you.
You writhe in agony.
* * * LOW HITPOINT WARNING * * *
A rat comes into view.
You barely miss Grinder.
Grinder is almost dead.
Grinder gestures at you.
You suddenly lose the ability to move!
Grinder hits you!
* * * LOW HITPOINT WARNING * * *
The rat bites you.
* * * LOW HITPOINT WARNING * * *
Grinder barely misses you.
You can move again.
You barely miss Grinder.
Grinder is almost dead.
The rat barely misses you. Grinder gestures at you.
Pain shoots through your body!
You die...

#.##.##
######.<...####
.....<........+
#####.........#
#.###.###.# #.#
#.# #.# #.. ..#
#.#
#..######.#####+#
#.. #...)5@r.<#
#.........#####.#
####.... #....
....... ###....g
#...... ..# #...
..# ..#


You could see Grinder (very poisoned) and a rat.

Vanquished Creatures
  Robin (D:2)
  2 adders
  A howler monkey skeleton (D:2)
  2 dart slugs (D:1)
  4 endoplasms (D:2)
  3 giant cockroaches
  14 goblins
  7 hobgoblins
  9 kobolds
  2 quokkas
  4 ball pythons
  6 bats
  2 frilled lizards
  5 rats
62 creatures vanquished.

Notes
Turn   | Place    | Note
-------+----------+-------------------------------------------
     0 | D:1      | Ablot the Gnoll Warper began the quest for the Orb.
     0 | D:1      | Reached XP level 1. HP: 20/20 MP: 6/6
   106 | D:1      | Reached XP level 2. HP: 25/26 MP: 7/7
   109 | D:1      | Learned a level 2 spell: Blink
   473 | D:1      | Reached XP level 3. HP: 30/31 MP: 9/9
   477 | D:1      | Reached skill level 5 in Spellcasting
   618 | D:1      | Reached skill level 1 in Invocations
   941 | D:2      | Reached skill level 1 in Short Blades
   941 | D:2      | Reached skill level 1 in Long Blades
   941 | D:2      | Reached skill level 1 in Axes
   941 | D:2      | Reached skill level 1 in Maces & Flails
   941 | D:2      | Reached skill level 1 in Staves
   941 | D:2      | Reached skill level 1 in Slings
   941 | D:2      | Reached skill level 1 in Bows
   941 | D:2      | Reached skill level 1 in Crossbows
   941 | D:2      | Reached skill level 1 in Stealth
   941 | D:2      | Reached skill level 1 in Shields
   941 | D:2      | Reached skill level 1 in Unarmed Combat
   941 | D:2      | Reached skill level 1 in Evocations
   948 | D:2      | Reached XP level 4. HP: 8/38 MP: 11/11
  1402 | D:2      | Noticed Robin
  1442 | D:2      | Killed Robin
  1443 | D:2      | Reached skill level 1 in Conjurations
  1443 | D:2      | Reached skill level 1 in Hexes
  1443 | D:2      | Reached skill level 1 in Summonings
  1443 | D:2      | Reached skill level 1 in Necromancy
  1443 | D:2      | Reached skill level 1 in Transmutations
  1443 | D:2      | Reached skill level 1 in Fire Magic
  1443 | D:2      | Reached skill level 1 in Ice Magic
  1443 | D:2      | Reached skill level 1 in Air Magic
  1443 | D:2      | Reached skill level 1 in Earth Magic
  1443 | D:2      | Reached skill level 1 in Poison Magic
  1983 | D:3      | Noticed Grinder
  1997 | D:3      | Paralysed by Grinder for 2 turns
  2000 | D:3      | Killed from afar by Grinder

Illustrated notes

Levels and vault maps discovered:
D:1:      lightli_arrival_boilingwater, layout_rooms, minmay_misc_feat_x,
          nrook_mini_backslash
D:2:      layout_rooms, uniq_robin
D:3:      layout_loops_corners, grunt_temple_overflow_open,
          nicolae_overflow_ecumenical_swirl,
          hellmonk_ecumenical_altar_arch_garden, serial_shops,
          nicolae_shop_statue_plus, portal_sewer_entry_a, minivault_19,
          uniq_grinder

Skill      XL: |  1  2  3  4 |
---------------+-------------+-----
Spellcasting   | 5 |  5.1
Invocations    | 1 |  1.4
Short Blades   | 1 |  1.2
Long Blades    | 1 |  1.2
Axes           | 1 |  1.2
Maces & Flails | 1 |  1.2
Staves         | 1 |  1.2
Slings         | 1 |  1.2
Bows           | 1 |  1.2
Crossbows      | 1 |  1.2
Stealth        | 1 |  1.2
Shields        | 1 |  1.2
Unarmed Combat | 1 |  1.2
Evocations     | 1 |  1.2
Conjurations   | 1 |  1.0
Hexes          | 1 |  1.0
Summonings     | 1 |  1.0
Necromancy     | 1 |  1.0
Transmutations | 1 |  1.0
Fire Magic     | 1 |  1.0
Ice Magic      | 1 |  1.0
Air Magic      | 1 |  1.0
Earth Magic    | 1 |  1.0
Poison Magic   | 1 |  1.0
Fighting       | |  4.7
Polearms       | |  4.7
Throwing       | |  2.8
Armour         | |  2.8
Dodging        | |  4.7
Translocations | |  5.5

Action                   |  1- 3 |  4- 6 || total
-------------------------+-------+-------++-------
Melee: Spear             |    78 |       ||    78
       Bite              |     6 |    11 ||    17
       Short sword       |    44 |     5 ||    49
       Dagger            |       |    66 ||    66
       Punch             |       |     1 ||     1
 Stab: Sleeping          |       |     1 ||     1
Armor: Leather armour    |    23 |    16 ||    39
Dodge: Dodged            |    57 |    39 ||    96
